 Dungeon Crawl Stone Soup version 0.24-a0-520-g8fd06ad (webtiles) character file.

Game seed: 2702570244642663602

69 Boetheseconed the Ducker (level 4, 0/23 HPs)
             Began as a Spriggan Monk on July 24, 2019.
             Succumbed to an adder's poison
             ... on level 2 of the Dungeon on Sept 6, 2020.
             The game lasted 00:11:07 (1207 turns).

Boetheseconed the Ducker (Spriggan Monk)            Turns: 1207, Time: 00:11:08

Health: 0/23       AC:  3    Str:  8    XL:     4   Next: 2%
Magic:  5/5        EV: 21    Int: 11    God:
Gold:   63         SH:  0    Dex: 18    Spells: 3/3 levels left

rFire    . . .     SeeInvis +     - Unarmed
rCold    . . .     Gourm    .   (shield restricted)
rNeg     . . .     Faith    .   c - +1 robe {Archmagi}
rPois    .         Spirit   .   (helmet restricted)
rElec    .         Reflect  .   (no cloak)
rCorr    .         Harm     .   (gloves unavailable)
MR       .....                  (boots unavailable)
Stlth    +++.......             (no amulet)
HPRegen  0.07/turn              f - ring of see invisible
MPRegen  0.09/turn              (no ring)

@: lethally poisoned (0 -> -1), very quick
A: very small, unfitting armour, see invisible, herbivore, speed 3, slow
metabolism 2
a: no special abilities


You were on level 2 of the Dungeon.
You were not hungry.

You visited 1 branch of the dungeon, and saw 2 of its levels.

You collected 63 gold pieces.

Inventory:

Missiles
 g - 35 stones (quivered)
Armour
 a - a +0 robe
 c - a +1 robe of the Archmagi (worn)
Jewellery
 f - a ring of see invisible (left hand)
 i - a cursed ring of fire
 l - a +4 ring of strength
Comestibles
 b - 5 rations


   Skills:
 + Level 2.8 Fighting
 + Level 5.3 Dodging
 + Level 3.2 Stealth
 + Level 3.3 Unarmed Combat


You had 3 spell levels left.
You didn't know any spells.
Your spell library was empty.

Dungeon Overview and Level Annotations

Branches:
Dungeon (2/15)

Altars:


Innate Abilities, Weirdness & Mutations

You are very small and have problems with some larger weapons.
You are too small for most types of armour.
You have supernaturally acute eyesight. (SInv)
You are a herbivore.
You cover ground extremely quickly.
You need to consume almost no food.


Message History

It is a scroll of identify.
l - a +4 ring of strength A frilled lizard comes into view.
Your surroundings suddenly seem different.
An adder comes into view.
The adder hisses angrily.
The frilled lizard moves out of view.
Found a glowing dagger.
A hobgoblin comes into view.
* * * LOW HITPOINT WARNING * * *
You feel sick.
Found a stone staircase leading up.
Found a ration.
* * * LOW HITPOINT WARNING * * *
You feel sick.
Found a stone staircase leading down.
You see here a ration.
b - 6 rations (gained 1)
You eat one of the 6 rations.
That ration really hit the spot!
You die...

..##..........
#....).g. ..
#.#####....
#.#####.# .#
#..........
######.#####.
#.##.....>
#............#
#.##.#..#
#.#####.######
#....#..# ###.####
.# #......<#
#......# .#
#.#....####.#.##.#
.#
####...........#@# #
<#
#............###...#
.# #.........##.#
#..## .........###.#
#.## ........## #
.>. ........# ###
........# ........#
.##.#.###


There were no monsters in sight!

Vanquished Creatures
  2 adders (D:2)
  An ooze (D:1)
  3 dart slugs
  A leopard gecko (D:1)
  3 giant cockroaches (D:1)
  4 goblins (D:1)
  4 hobgoblins
  2 jackals (D:1)
  8 bats
  6 frilled lizards (D:1)
  3 kobolds (D:1)
  2 rats (D:1)
39 creatures vanquished.

Notes
Turn   | Place    | Note
-------+----------+-------------------------------------------
     0 | D:1      | Boetheseconed the Spriggan Monk began the quest for the
                  | Orb.
     0 | D:1      | Reached XP level 1. HP: 11/11 MP: 2/2
   112 | D:1      | Reached XP level 2. HP: 8/16 MP: 3/3
   217 | D:1      | Reached skill level 5 in Dodging
   367 | D:1      | Reached XP level 3. HP: 2/19 MP: 4/4
  1178 | D:2      | Reached XP level 4. HP: 6/23 MP: 5/5
  1201 | D:2      | HP: 1/23 [poisoned by an adder]
  1207 | D:2      | Succumbed to an adder's poison

Levels and vault maps discovered:
D:1:      scummos_arrival_checkerplants, layout_basic,
          hangedman_decor_clover_reticule, minmay_small_reverse_x
D:2:      layout_loops_cross, grunt_temple_overflow_order_and_chaos_1,
          nicolae_ru_path_of_blood

Skill      XL: |  1  2  3 |
---------------+----------+-----
Dodging        | 5 |  5.3
Unarmed Combat | 3 |  3.3
Fighting       | |  2.8
Stealth        | |  3.2

Action                   |  1- 3 |  4- 6 || total
-------------------------+-------+-------++-------
Melee: Unarmed           |   195 |       ||   195
       Punch             |     2 |       ||     2
Throw: Stone             |     6 |       ||     6
  Use: Scroll            |       |     5 ||     5
 Stab: Sleeping          |     8 |       ||     8
  Eat: Ration            |       |     1 ||     1
Armor: Robe              |    19 |       ||    19
Dodge: Dodged            |   176 |       ||   176

Table legend:
 A = Non-vault XP
 B = Vault XP
 C = Vault XP percentage of total XP
 D = Non-vault monster count
 E = Vault monster count
 F = Vault count percentage of total count
                 A         B        C        D         E       F
            +---------+---------+-------+---------+---------+-------
      Total |      93 |       6 |   6.1 |      35 |       4 |  10.3
            +---------+---------+-------+---------+---------+-------
        D:1 |      59 |       6 |   9.2 |      30 |       4 |  11.8
        D:2 |      34 |       0 |   0.0 |       5 |       0 |   0.0
            +---------+---------+-------+---------+---------+-------
